 Dungeon Crawl Stone Soup version 0.26-a0-663-g36e8fdb655 (webtiles) character file.

Game seed: 4514187091113089443

2 jabarkas the Sneak (level 1, -1/18 HPs)
             Began as a Formicid Delver on Oct 10, 2020.
             Slain by a rat (2 damage)
             ... on level 3 of the Dungeon.
             The game lasted 00:00:38 (85 turns).

jabarkas the Sneak (Formicid Delver)                  Turns: 85, Time: 00:00:39

Health: -1/18      AC:  3    Str: 16    XL:     1   Next: 44%
Magic:  1/1        EV: 12    Int:  9    God:
Gold:   0          SH:  0    Dex: 12    Spells: 0/0 levels left

rFire    . . .     SeeInvis +   a - +0 spear
rCold    . . .     Faith    .   (no shield)
rNeg     . . .     Spirit   .   b - +0 leather armour
rPois    .         Reflect  .   (helmet unavailable)
rElec    .         Harm     .   (no cloak)
rCorr    .         Rampage  .   (no gloves)
MR       .....                  (no boots)
Stlth    +++.......             (no amulet)
HPRegen  0.06/turn              (no ring)
MPRegen  0.07/turn              (no ring)

@: lethally poisoned (-1 -> -6)
A: permanent stasis, dig shafts and tunnels, four strong arms, antennae 3
a: Dig, Shaft Self


You were on level 3 of the Dungeon.
You visited 1 branch of the dungeon, and saw 3 of its levels.

Inventory:

Hand Weapons
 a - a +0 spear (weapon)
Armour
 b - a +0 leather armour (worn)
Wands
 f - a wand of digging (3)
Scrolls
 c - a scroll of fog
 d - a scroll of magic mapping
 g - a scroll of blinking {unknown}


   Skills:
 * Level 3.3 Fighting
 - Level 2.1 Polearms
 - Level 1.7 Dodging
 - Level 6.0 Stealth


You couldn't memorise any spells.
You didn't know any spells.
Your spell library was empty.

Dungeon Overview and Level Annotations

Branches:
Dungeon (5/15)
 Temple: D:4-7

Altars:

Annotations:
D:4 exclusion: downstairs
D:5 Sigmund


Innate Abilities, Weirdness & Mutations

You cannot be hasted, slowed, berserked, paralysed or teleported.
You can dig through walls and to a lower floor.
Your four strong arms can wield two-handed weapons with a shield.
You have a pair of large antennae on your head. (SInv)


Message History

Okay, then.
As you read the scroll of fear, it crumbles to dust.
You assume a fearsome visage.
The adder looks frightened!
Unknown command.
* * * LOW HITPOINT WARNING * * *
You feel sick.
You climb upwards.
The ball python hisses angrily.
The rat bites you.
* * * LOW HITPOINT WARNING * * *
The kobold closely misses you. The rat bites you but does no damage.
The kobold closely misses you.
There is a stone staircase leading down here.
You completely miss the rat.
* * * LOW HITPOINT WARNING * * *
You feel sick. The dart slug launches a dart at you.
The slug dart hits you but does no damage.
The rat bites you.
You die...

. ######## ..
##......##
...#........##
$B...........#
.............#
#....r.....#
#....@..>..#
#.....K$...#
......!S....##
.............#
.............#
...w.........#
.............#
.##..........#


You could see a dart slug, a giant cockroach (wandering), a ball python, a
kobold and a rat.

Vanquished Creatures
  A bat (D:3)
  A hobgoblin (D:4)
2 creatures vanquished.

Notes
Turn   | Place    | Note
-------+----------+-------------------------------------------
     0 | D:5      | jabarkas the Formicid Delver began the quest for the Orb.
     0 | D:5      | Reached XP level 1. HP: 18/18 MP: 1/1
     5 | D:5      | Noticed Sigmund
    85 | D:3      | Slain by a rat

Illustrated notes

Levels and vault maps discovered:
D:3:      wander_river, layout_rooms, uniq_natasha
D:4:      layout_loops_ring, cheibriados_altar_1, serial_shops,
          nicolae_shop_waterfront
D:5:      layout_rooms, uniq_crazy_yiuf_cottage, uniq_grinder, uniq_edmund,
          uniq_duvessa, uniq_sigmund

Action                   || total
-------------------------++-------
Melee: Spear             ||    12
  Use: Scroll            ||     1
       Potion            ||     1
Armor: Leather armour    ||     6
Dodge: Dodged            ||     7

Table legend: (Time is in decaauts)
 A = Elapsed time spent in this place.
 B = Non-inter-level travel time spent in this place.
 C = Inter-level travel time spent in this place.
 D = Time resting spent in this place.
 E = Time spent auto-exploring this place.
 F = Levels seen in this place.
 G = Mean time per level.
                   A        B        C        D        E       F      G
               +--------+--------+--------+--------+--------+-----+--------+
         Total |     86 |     86 |      0 |      5 |     33 |   3 |   28.7 |
       Dungeon |     86 |     86 |      0 |      5 |     33 |   3 |   28.7 |
               +--------+--------+--------+--------+--------+-----+--------+

Top non-repeatable levels by time:
     D:4: 61 daAuts
     D:5: 14 daAuts
     D:3: 10 daAuts
